 Dungeon Sprint DCSS version 0.16.1-28-gcc2312f (webtiles) character file.

35 Kidiri the Stinger (level 3, -8/24 HPs)
             Began as a Demonspawn Venom Mage on May 31, 2015.
             Was an Initiate of Jiyva.
             Splashed by an oklob sapling's acid (20 damage)
             ... in the Dungeon (Sprint IV: "Fedhas' Mad Dash").
             The game lasted 00:04:32 (877 turns).

Kidiri the Stinger (Demonspawn Venom Mage)           Turns: 877, Time: 00:04:34

Health: -8/24      AC:  2    Str:  8    XL:     3   Next: 16%
Magic:  8/8        EV: 13    Int: 17    God:    Jiyva [......]
Gold:   29         SH:  0    Dex: 15    Spells: 3 memorised, 2 levels left

rFire  . . .     SeeInvis .     (no weapon)
rCold  . . .     Clarity  .     a - +0 robe
rNeg   . . .     SustAb   .     (no shield)
rPois  .         Gourm    .     (no helmet)
rElec  .         Spirit   .     (no cloak)
rCorr  .         Warding  .     (no gloves)
rMut   .         NoTele   +     (no boots)
MR     .....                    (no amulet)
Stlth  +++.......               (no ring)
                                d - ring of invisibility

@: very slightly contaminated, not resistant to hostile enchantments, fairly
stealthy
A: thin skeletal structure 1, powered by pain 1
a: Renounce Religion, Evoke Invisibility


You were in the Dungeon.
You worshipped Jiyva.
Jiyva was noncommittal.
You were not hungry.

You visited 1 branch You collected 29 gold pieces.

Inventory:

Armour
 a - a +0 robe (worn)
Jewellery
 d - a ring of invisibility (left hand)
Potions
 f - a potion of haste
 g - 2 potions of magic
Books
 b - a Young Poisoner's Handbook

   Spells                             Type                      Level
   a - Sting                          Conjuration/Poison           1
   b - Cure Poison                    Poison                       2
   c - Mephitic Cloud                 Conjuration/Poison/Air       3
   d - Olgreb's Toxic Radiance        Poison                       4
   e - Venom Bolt                     Conjuration/Poison           5


   Skills:
 + Level 2.6 Dodging
 + Level 2.8 Stealth
 * Level 3.3 Spellcasting
 + Level 1.6 Conjurations
 + Level 0.0 Air Magic
 + Level 5.6 Poison Magic
 * Level 0.0 Evocations


You had 2 spell levels left.
You knew the following spells:

 Your Spells              Type           Power        Failure   Level  Hunger
a - Sting                 Conj/Pois      ###.         4%          1    None
b - Cure Poison           Pois           ###.......   2%          2    ##.....
c - Mephitic Cloud        Conj/Pois/Air  ##......     21%         3    ###....


Dungeon Overview and Level Annotations

Branches:
Dungeon (1/1)

Altars:
Cheibriados
Dithmenos
Elyvilon
Kikubaaqudgha
Makhleb
Nemelex Xobeh
Ru
Sif Muna
Trog
Vehumet
Zin
The Shining One
Jiyva
Lugonu

Annotations:
D exclusion: 3 oklob saplings


Innate Abilities, Weirdness & Mutations

You have a somewhat thin skeletal structure (Dex +2, Stealth).
You sometimes gain a little power by taking damage.


Message History

Confirm with . or Enter, or press ? or * to list all spells.
Aiming: Sting
Press: ? - help, Shift-Dir - straight line, f/p - oklob sapling
Aim: an oklob sapling The sting hits the oklob sapling.
The oklob sapling appears unharmed.
The jelly hits the oklob sapling.
The oklob sapling is splashed with acid.
Casting: Sting
Confirm with . or Enter, or press ? or * to list all spells.
Aiming: Sting
Press: ? - help, Shift-Dir - straight line, f/p - oklob sapling
Aim: an oklob sapling (heavily damaged)
The sting hits the oklob sapling.
The oklob sapling appears unharmed.
The oklob sapling is heavily damaged.
The oklob sapling spits acid at you. The splash of acid hits you!
Ouch! That really hurt!
You focus on the pain.
You feel your power returning.
The acid burns!
Ouch! That really hurt!
You die...

##########################
#<..P#.....#.....#.⌠......
#PP..÷.)...'.#.(..._._._._.
#PPPP#.....#P#..@#_._._P_._
############ ##.##._._._._.
+...#.⌠...._. #JP$#########
#####


You could see an oklob sapling and a neutral jelly (fellow slime).

Vanquished Creatures
  A worker ant (D)
  A river rat (D)
  A rat (D)
3 creatures vanquished.

Notes
Turn   | Place    | Note
--------------------------------------------------------------
     0 | D        | Kidiri, the Demonspawn Venom Mage, began the quest for the Orb.
     0 | D        | Reached XP level 1. HP: 13/13 MP: 3/3
    33 | D        | Reached skill level 5 in Poison Magic
    33 | D        | Gained mutation: You sometimes gain a little power by taking damage. [demonic ancestry]
    33 | D        | Reached XP level 2. HP: 5/19 MP: 0/4
   274 | D        | Learned a level 2 spell: Cure Poison
   275 | D        | Noticed an oklob sapling
   279 | D        | Noticed a worker ant
   289 | D        | Killed a worker ant
   289 | D        | Reached skill level 1 in Conjurations
   289 | D        | Gained mutation: You have a somewhat thin skeletal structure (Dex +2, Stealth). [demonic ancestry]
   289 | D        | Reached XP level 3. HP: 16/24 MP: 0/8
   451 | D        | Found a snail-covered altar of Cheibriados.
   451 | D        | Found a glowing silver altar of Zin.
   451 | D        | Found a white marble altar of Elyvilon.
   451 | D        | Found a viscous altar of Jiyva.
   451 | D        | Found a radiant altar of Vehumet.
   451 | D        | Found a deep blue altar of Sif Muna.
   451 | D        | Found a burning altar of Makhleb.
   451 | D        | Found an ancient bone altar of Kikubaaqudgha.
   451 | D        | Found a bloodstained altar of Trog.
   451 | D        | Found a corrupted altar of Lugonu.
   451 | D        | Noticed an oklob sapling priest
   457 | D        | Noticed an oklob sapling
   463 | D        | Learned a level 3 spell: Mephitic Cloud
   849 | D        | Found a glowing golden altar of the Shining One.
   849 | D        | Found a sacrificial altar of Ru.
   850 | D        | Found a shadowy altar of Dithmenos.
   850 | D        | Found a sparkling altar of Nemelex Xobeh.
   851 | D        | Became a worshipper of Jiyva Jurenod the Shapeless
   877 | D        | Splashed by an oklob sapling's acid

Action                   || total
-------------------------++-------
Melee: Unarmed           ||     3
 Cast: Sting             ||    13
 Abil: Evoke Invisibilit ||     1
  Use: Potion            ||     3
       Scroll            ||     1
  Eat: Bread ration      ||     1
